 Dungeon Crawl Stone Soup version 0.22-a0-567-gff9aefc (webtiles) character file.

18857 Amnesiac the Spry (level 12, -18/67 HPs)
             Began as a Spriggan Fighter on June 30, 2018.
             Was an Elder of Ru.
             Killed from afar by a naga mage (22 damage)
             ... with a poison arrow
             ... while paralysed by a wizard
             ... on level 12 of the Dungeon.
             The game lasted 00:39:11 (17728 turns).

Amnesiac the Spry (Spriggan Fighter)               Turns: 17728, Time: 00:39:11

Health: -18/67     AC:  6    Str: 16    XL:     12   Next: 31%
Magic:  19/19      EV:  4    Int: 11    God:    Ru [****..]
Gold:   752        SH:  0    Dex: 15    Spells: 3/11 levels left

rFire    . . .     SeeInvis +   I - +3 rapier (protect)
rCold    . . .     Gourm    .   c - +1 buckler
rNeg     . . .     Faith    .   t - +0 steam dragon scales
rPois    .         Spirit   .   (helmet restricted)
rElec    .         Reflect  .   (no cloak)
rCorr    .         Harm     .   (gloves unavailable)
MR       ++...                  (boots unavailable)
Stlth    ++++......             p - amulet of magic regeneration
HPRegen  0.21/turn              j - +3 ring of protection
MPRegen  0.41/turn              K - +3 ring of protection

@: paralysed, lethally poisoned (-18 -> -34), very quick
A: very small, unfitting armour, see invisible, herbivore, speed 3, mutation
resistance 1, slow metabolism 2, hated by all, no conjurations magic, no ice
magic, no transmutations magic, reduced AC 1
a: Draw Out Power, Power Leap, Renounce Religion


You were on level 12 of the Dungeon.
You worshipped Ru.
Ru was greatly pleased with you.
You were full.

You visited 3 branches of the dungeon, and saw 16 of its levels.
You also visited: Labyrinth and Bailey.

You collected 752 gold pieces.

Inventory:

Hand Weapons
 a - a +1 dagger of venom
 b - a +2 short sword of flaming
 H - a +0 blowgun
 I - a +3 rapier of protection (weapon)
Missiles
 g - a throwing net (quivered)
 J - 7 curare-tipped needles
Armour
 c - a +1 buckler (worn)
 t - +0 steam dragon scales (worn)
Jewellery
 j - a +3 ring of protection (left hand)
 p - an amulet of magic regeneration (around neck)
 G - an uncursed ring of fire
 K - a +3 ring of protection (right hand)
 P - an uncursed ring of wizardry
Wands
 u - a wand of iceblast (5)
 x - a wand of flame (38)
 A - a wand of random effects (82)
 F - a wand of enslavement (15)
 M - a wand of scattershot (4)
 N - a wand of digging (11)
 O - a wand of disintegration (9)
Scrolls
 e - 2 scrolls of magic mapping {!r}
 h - 5 scrolls of remove curse {!r}
 i - 4 scrolls of teleportation {!r}
 k - a scroll of enchant weapon {!r}
 l - a scroll of enchant armour {!r}
 m - a scroll of amnesia {!r}
 o - a scroll of immolation {!r}
 r - 7 scrolls of identify {!r}
 s - 2 scrolls of noise {!r}
 w - a scroll of fog {!r}
 L - a scroll of brand weapon {!r, unknown}
Potions
 d - a potion of mutation {!q}
 n - 5 potions of curing {!q}
 q - a potion of resistance {!q}
 v - a potion of agility {!q, unknown}
 z - 3 potions of flight {!q}
 B - 2 potions of might {!q}
 C - a potion of heal wounds {!q}
 E - a potion of haste {!q}
Comestibles
 f - 9 rations


   Skills:
 + Level 9.4 Fighting
 - Level 8.0 Short Blades
 + Level 15.2 Dodging
 - Level 8.0 Stealth
 - Level 7.2 Shields
 - Level 8.0 Evocations


You had 3 spell levels left.
You knew the following spells:

 Your Spells              Type           Power        Failure   Level  Hunger
a - Poisonous Vapours     Pois/Air       #.....       47%         2    ###....
b - Dazzling Spray        Conj/Hex       #.....       71%         3    ####...
e - Mephitic Cloud        Conj/Pois/Air  #.......     71%         3    ####...

Your spell library contained the following spells:

 Spells                   Type           Power        Failure   Level  Hunger
 Magic Dart               Conj           #...         34%         1    ##.....
 Lightning Bolt           Conj/Air       #.........   100%        5    ######.
 Venom Bolt               Conj/Pois      #.........   100%        5    ######.
 Olgreb's Toxic Radiance  Pois           #.......     98%         4    #####..
 Iskenderun's Mystic Bla  Conj           #.......     98%         4    #####..
 Sting                    Conj/Pois      #...         34%         1    ##.....
 Shatter                  Erth           #.........   100%        9    #######
 Static Discharge         Conj/Air       #.......     71%         3    ####...
 Tornado                  Air            #.........   100%        9    #######
 Fulminant Prism          Conj/Hex       #.........   98%         4    #####..
 Force Lance              Conj/Tloc      #.......     98%         4    #####..
 Searing Ray              Conj           #.....       47%         2    ###....
 Ignition                 Fire           #.........   100%        8    #######


Dungeon Overview and Level Annotations

Branches:
Dungeon (14/15)            Temple (1/1) D:7            Lair (1/6) D:8
    Orc (0/2) D:12
 Vaults: D:13-14

Altars:
Ashenzari
Cheibriados
Dithmenos
Elyvilon
Fedhas
Gozag
Hepliaklqana
Kikubaaqudgha
Makhleb
Nemelex Xobeh
Okawaru
Qazlal
Ru
Sif Muna
Trog
Uskayaw
Vehumet
Wu Jian
Xom
Yredelemnul
Zin
The Shining One

Shops:
D:14 %

Annotations:
D:1 Terence


Innate Abilities, Weirdness & Mutations

You are very small and have problems with some larger weapons.
You are too small for most types of armour.
You have supernaturally acute eyesight. (SInv)
You are a herbivore.
You cover ground extremely quickly.
You need to consume almost no food.
You are hated by all.
You cannot study or cast Conjurations magic.
You cannot study or cast Ice magic.
You cannot study or cast Transmutations magic.
You take slightly more damage. (AC -5)
You are somewhat resistant to further mutation.


Message History

Aiming: Random Effects
Press: ? - help, Shift-Dir - straight line, f - ogre mage
Aim: an ogre mage, wearing a robe The mass of ice explodes!
The iceblast engulfs the ogre mage.
The ogre mage is heavily wounded.
The iceblast engulfs you!
* * * LOW HITPOINT WARNING * * *
The ogre mage closely misses you.
You barely miss the ogre mage.
The ogre mage is heavily wounded.
You redirect the ogre mage's attack!
The ogre mage points at itself and mumbles some strange words.
The bolt of lightning hits the ogre mage.
The ogre mage dies!
You swing at nothing.
A wizard comes into view. It is wielding a dagger.
A wizard is nearby!
Evoke which item? (* to show all) (? for menu, Esc to quit)
Aiming: Random Effects
Press: ? - help, Shift-Dir - straight line, f - wizard
Aim: a wizard, wielding a dagger and wearing a robe (black smoke)
The mass of ice explodes!
The iceblast engulfs the wizard.
The wizard is severely wounded.
Evoke which item? (* to show all) (? for menu, Esc to quit)
Aiming: Random Effects
Press: ? - help, Shift-Dir - straight line, f/p - wizard
Aim: a wizard, wielding a dagger and wearing a robe (black smoke, severely wounded)
The puff of frost misses the wizard.
Evoke which item? (* to show all) (? for menu, Esc to quit)
Aiming: Random Effects
Press: ? - help, Shift-Dir - straight line, f/p - wizard
Aim: a wizard, wielding a dagger and wearing a robe (severely wounded)
The wizard flickers and vanishes for a moment.
You hit the wizard.
Your weapon exudes an aura of protection.
The wizard is severely wounded.
A naga mage comes into view.
You closely miss the wizard.
The wizard is severely wounded.
The wizard shouts, "You are history!"
You block the wizard's attack.
You miss the wizard.
The wizard is severely wounded.
The wizard gestures at you while chanting.
You suddenly lose the ability to move!
The wizard hits you but does no damage.
The naga mage casts a spell.
The naga mage seems to speed up.
The wizard points at you and mumbles some strange words.
The fireball explodes!
The fireball engulfs you!
* * * LOW HITPOINT WARNING * * *
The fireball engulfs the wizard.
The wizard dies!
The naga mage begins to cast a spell, but is stunned by your will!
The naga mage spits poison at you.
Helpless, you fail to dodge the splash of poison.
You are poisoned.
* * * LOW HITPOINT WARNING * * *
You focus your will and blind the naga mage in retribution!
You feel sick. The naga mage completely misses you.
The naga mage points at you and mumbles some strange words.
The poison arrow hits you!
You are lethally poisoned!
You die...

.##
§.§...≈##[#
.≈#
§S#pp8.##≈.#
.## #O.....
##§# .≈#
8...8.###§.#
..≈# ..8...
#§..# ..##
....#≈###.##
...≈
.≈#≈###§..#
....
##§#N.##
....
≈#.#≈#≈.@.##
....
........###
....
........#
....
.########
.... ... ...
... ...


You could see a naga mage (blind).

Vanquished Creatures
  A minotaur (Lab)
  A two-headed ogre (D:12)
  An unseen horror (D:11)
  3 wizards
  A cyclops (D:12)
  An orc sorcerer (D:14)
  Psyche (D:12)
  A gargoyle (D:12)
  3 centaur skeletons
  2 kobold demonologists (D:11)
  3 trolls
  Prince Ribbit (D:6)
  A hornet (D:11)
  3 hippogriffs
  2 redbacks (Lab)
  A spriggan (D:8)
  A wraith (D:13)
  A wyvern (D:11)
  A steam dragon (D:9)
  4 hungry ghosts (Lab)
  3 wargs (D:10)
  A water moccasin (D:8)
  2 porcupines (D:8)
  13 orc warriors
  3 ice beasts
  7 sky beasts
  4 black bears
  A phantom (D:12)
  5 ogres
  A necrophage (D:8)
  6 centaurs
  A big kobold (D:7)
  17 bullfrogs
  A crocodile (D:8)
  2 wyvern zombies
  A wyvern skeleton (D:12)
  8 scorpions
  14 killer bees
  2 vampire bats (D:5)
  3 jellies
  9 howler monkeys
  5 crimson imps
  15 hounds
  A bullfrog zombie (D:7)
  3 bullfrog skeletons
  10 orc wizards
  14 orc priests
  4 iguanas
  3 worker ants
  A killer bee zombie (D:9)
  2 hound skeletons
  A howler monkey zombie (D:6)
  A worker ant zombie (D:9)
  8 adders
  A gnoll (Bailey)
  4 shadow imps
  3 oozes
  2 worms (D:2)
  2 dart slugs
  6 leopard geckos
  65 orcs
  4 bat skeletons (D:5)
  2 bat zombies (D:5)
  9 giant cockroaches
  7 goblins
  7 hobgoblins
  7 jackals
  12 kobolds
  4 quokkas
  A ball python (D:2)
  12 bats
  5 frilled lizards
  4 rats
362 creatures vanquished.

Vanquished Creatures (others)
  An ogre mage (D:12)
  A wizard (D:12)
  A troll (D:12)
  A warg (D:10)
  A worker ant (D:11)
  3 orcs
  A fungus (D:8)
9 creatures vanquished.

Grand Total: 371 creatures vanquished

Notes
Turn   | Place    | Note
-------+----------+-------------------------------------------
     0 | D:1      | Amnesiac the Spriggan Fighter began the quest for the Orb.
     0 | D:1      | Reached XP level 1. HP: 11/11 MP: 2/2
    41 | D:1      | Reached skill level 1 in Stealth
    85 | D:1      | Reached XP level 2. HP: 14/16 MP: 3/3
   623 | D:2      | Reached XP level 3. HP: 15/19 MP: 4/4
   704 | D:2      | Noticed Terence
  1282 | D:3      | Found an ornate altar of the Wu Jian Council.
  1508 | D:4      | Noticed a scorpion
  1530 | D:4      | Reached XP level 4. HP: 22/23 MP: 5/5
  1593 | D:5      | Entered Level 5 of the Dungeon
  1596 | D:5      | Found a shadowy altar of Dithmenos.
  1631 | D:6      | Noticed a bullfrog
  2127 | D:5      | Reached XP level 5. HP: 22/27 MP: 6/6
  2282 | D:5      | Found a shadowy altar of Dithmenos.
  2329 | D:5      | Found a radiant altar of Vehumet.
  2343 | D:5      | Reached XP level 6. HP: 22/32 MP: 8/10
  2368 | D:5      | Reached skill level 5 in Evocations
  2639 | D:4      | Found a glowing silver altar of Zin.
  2744 | D:4      | Found a deep blue altar of Sif Muna.
  3101 | D:5      | Noticed a sky beast
  3120 | D:5      | Killed a sky beast
  3120 | D:5      | Reached XP level 7. HP: 35/35 MP: 13/13
  3431 | D:5      | Found an ancient bone altar of Kikubaaqudgha.
  3655 | D:6      | Reached skill level 5 in Short Blades
  3946 | D:6      | Reached skill level 5 in Stealth
  4171 | D:6      | Found a shattered altar of Ashenzari.
  4192 | D:6      | Reached skill level 5 in Dodging
  4197 | D:6      | Reached XP level 8. HP: 13/39 MP: 15/15
  4468 | D:6      | Reached skill level 6 in Dodging
  4486 | D:6      | Gained mutation: You are somewhat resistant to further mutation. [potion of mutation]
  5545 | D:7      | Reached skill level 7 in Dodging
  6306 | D:7      | Reached XP level 9. HP: 14/43 MP: 16/16
  6599 | D:6      | Reached skill level 8 in Dodging
  7311 | D:7      | Noticed Prince Ribbit
  8930 | D:7      | Found a staircase to the Ecumenical Temple.
  8939 | Temple   | Entered the Ecumenical Temple
  8946 | Temple   | Became a worshipper of Ru the Awakened
  9972 | D:3      | Found a stormy altar of Qazlal.
 10411 | D:6      | Killed Prince Ribbit
 10411 | D:6      | Reached skill level 5 in Shields
 10705 | D:8      | Gained mutation: You are hated by all. [Ru sacrifice]
 10705 | D:8      | Reached * piety under Ru
 10790 | D:8      | Found a basalt altar of Yredelemnul.
 11111 | D:8      | Found a staircase to the Lair.
 11123 | D:8      | Reached XP level 10. HP: 35/47 MP: 17/17
 11879 | D:10     | Entered Level 10 of the Dungeon
 12627 | Lair:1   | Entered Level 1 of the Lair of Beasts
 12629 | Lair:1   | Noticed a black mamba
 12675 | D:9      | Reached skill level 9 in Dodging
 12866 | D:9      | Reached skill level 5 in Fighting
 13537 | D:9      | Reached skill level 10 in Dodging
 13747 | D:10     | Found an ornate altar of the Wu Jian Council.
 14217 | D:10     | Gained mutation: You take slightly more damage. (AC -5) [Ru sacrifice]
 14217 | D:10     | Reached ** piety under Ru
 14217 | D:10     | Reached *** piety under Ru
 14275 | D:10     | Reached XP level 11. HP: 15/56 MP: 18/18
 14542 | D:10     | Reached skill level 11 in Dodging
 14734 | D:10     | Learned a level 2 spell: Poisonous Vapours
 14738 | D:10     | Learned a level 3 spell: Mephitic Cloud
 14950 | D:11     | Noticed an unseen horror
 14971 | D:11     | Killed an unseen horror
 15074 | D:11     | Learned a level 3 spell: Dazzling Spray
 15325 | D:11     | Reached skill level 12 in Dodging
 15514 | D:11     | Found a flagged portal.
 15585 | D:11     | You fall through a shaft for 3 floors!
 15585 | D:14     | Noticed a wizard
 15588 | D:14     | Killed a wizard
 15594 | D:14     | Noticed an orc sorcerer
 15595 | D:14     | Noticed a wizard
 15600 | D:14     | Killed an orc sorcerer
 15603 | D:14     | Killed a wizard
 15619 | D:14     | Found Koihe's Food Shoppe.
 15622 | D:14     | Found a shadowy altar of Dithmenos.
 15888 | D:12     | Reached skill level 13 in Dodging
 16025 | Bailey   | Entered a bailey
 16049 | Bailey   | Noticed an orc knight
 16058 | Bailey   | Gained mutation: You cannot study or cast Ice magic. [Ru sacrifice]
 16058 | Bailey   | Gained mutation: You cannot study or cast Transmutations magic. [Ru sacrifice]
 16058 | Bailey   | Gained mutation: You cannot study or cast Conjurations magic. [Ru sacrifice]
 16058 | Bailey   | Reached **** piety under Ru
 16162 | Bailey   | Found an iron altar of Okawaru.
 16240 | D:12     | Found a labyrinth entrance.
 16240 | D:12     | Noticed a two-headed ogre
 16243 | D:12     | Noticed Psyche
 16247 | D:12     | Killed a two-headed ogre
 16251 | Lab      | Entered a labyrinth
 16605 | Lab      | Noticed a minotaur
 16623 | Lab      | Killed a minotaur
 16623 | Lab      | Reached skill level 14 in Dodging
 16751 | D:12     | Killed Psyche
 16751 | D:12     | Reached XP level 12. HP: 52/65 MP: 19/19
 17495 | D:12     | Found a staircase to the Orcish Mines.
 17674 | D:12     | Noticed an ogre mage
 17689 | D:12     | Paralysed by a wizard for 3 turns
 17700 | D:12     | Reached skill level 15 in Dodging
 17704 | D:12     | Killed an ogre mage
 17721 | D:12     | Paralysed by a wizard for 7 turns
 17728 | D:12     | Killed from afar by a naga mage

Vault maps used:
D:1:      minmay_arrival_semitransparent
D:2:      first_ration, uniq_terence
D:3:      nicolae_qazlal_style_of_elements, lemuel_statue_altar
D:4:      kennysheep_mini, kennysheep_little_box
D:5:      vehumet_crystals, kennysheep_vampire_church, lemuel_crystal_altar,
          basic_altar
D:6:      ashenzari_conservatory_becter, roderic_roman_lattice,
          kennysheep_generic_room_8
D:7:      minmay_temple_entry_trees, uniq_prince_ribbit1
D:8:      due_lair_maze_entry_diamond, basic_altar, the_bakery
D:9:      kennysheep_generic_room_16
D:10:     basic_altar, st_stairs_3, nooodl_orcs_dogs
D:11:     enter_bailey_8
D:12:     hiddenorc2_lemuel, lab_entry_generic, minmay_guarded_unrand_prune,
          uniq_psyche
D:13:     david_vaults_5, minmay_misc_feat_diagonals
D:14:     minmay_tri_stars, grunt_dithmenos_smoke, serial_shops, shop
Temple:   nicolae_temple_no_exploring_needed
Lair:1:   st_stairs_3, beast_lair_carwin_9, lemuel_fruit_tree, uniq_gastronok
Lab:      lab_statue, labyrinth_glass_1, nicolae_lab_x, nicolae_lab_arrow,
          nicolae_lab_statue, nicolae_lab_grate_2
Bailey:   bailey_axe_of_yendor_kennysheep, bailey

Skill      XL: |  1  2  3  4  5  6  7  8  9 10 11 12 |
---------------+-------------------------------------+-----
Stealth        | 2 3 4 5 8 |  8.0
Short Blades   | 3 4 5 8 |  8.0
Evocations     | 4 7 8 |  8.0
Dodging        | 5 7 8 10 14 15 | 15.2
Shields        | 6 7 |  7.2
Fighting       | 6 8 9 |  9.4

Action                   |  1- 3 |  4- 6 |  7- 9 | 10-12 || total
-------------------------+-------+-------+-------+-------++-------
Melee: Rapier            |    52 |       |       |   270 ||   322
       Short sword       |   125 |   153 |   755 |   634 ||  1667
       Dagger            |       |       |       |    54 ||    54
 Cast: Poisonous Vapours |       |       |       |     1 ||     1
Invok: Sacrifice Love    |       |       |     1 |       ||     1
       Sacrifice Health  |       |       |       |     1 ||     1
       Power Leap        |       |       |       |     4 ||     4
       Sacrifice Arcana  |       |       |       |     1 ||     1
Evoke: Wand              |       |     6 |     8 |    13 ||    27
  Use: Potion            |       |     1 |    13 |     1 ||    15
       Scroll            |       |       |    11 |     5 ||    16
 Stab: Sleeping          |     3 |       |     7 |    23 ||    33
       Distracted        |     1 |     1 |     2 |     6 ||    10
       Invisible         |       |       |     1 |       ||     1
  Eat: Ration            |       |     2 |     3 |     9 ||    14
Armor: Robe              |    15 |    16 |    25 |    12 ||    68
       Skin              |       |       |    11 |       ||    11
       Steam dragon scal |       |       |       |    47 ||    47
Dodge: Dodged            |   131 |   157 |   438 |   655 ||  1381
Block: Buckler           |    58 |    63 |   186 |   335 ||   642

Table legend:
 A = Spawn XP
 B = Non-spawn XP
 C = Spawn XP percentage of total XP
 D = Spawn monster count
 E = Non-spawn monster count
 F = Spawn count percentage of total count
 G = Total turns spent on level
                    A         B        C        D         E        F      G
               +---------+---------+-------+---------+---------+-------+---------
         Total |       0 |   26939 |   0.0 |       0 |     367 |   0.0 | 17728
               +---------+---------+-------+---------+---------+-------+---------
           D:1 |       0 |      34 |   0.0 |       0 |      18 |   0.0 |   858
           D:2 |       0 |      83 |   0.0 |       0 |      28 |   0.0 |   927
           D:3 |       0 |      33 |   0.0 |       0 |      11 |   0.0 |   696
           D:4 |       0 |      91 |   0.0 |       0 |       8 |   0.0 |   947
           D:5 |       0 |     662 |   0.0 |       0 |      25 |   0.0 |   957
           D:6 |       0 |    1547 |   0.0 |       0 |      33 |   0.0 |  3460
           D:7 |       0 |    1383 |   0.0 |       0 |      40 |   0.0 |  2911
           D:8 |       0 |    2563 |   0.0 |       0 |      34 |   0.0 |  1420
           D:9 |       0 |    2723 |   0.0 |       0 |      27 |   0.0 |  1173
          D:10 |       0 |    2791 |   0.0 |       0 |      31 |   0.0 |  1531
          D:11 |       0 |    3576 |   0.0 |       0 |      42 |   0.0 |  1223
          D:12 |       0 |    6103 |   0.0 |       0 |      47 |   0.0 |   674
          D:13 |       0 |     645 |   0.0 |       0 |       3 |   0.0 |   250
          D:14 |       0 |    1906 |   0.0 |       0 |       3 |   0.0 |    45
           Lab |       0 |    2421 |   0.0 |       0 |       7 |   0.0 |   478
        Bailey |       0 |     378 |   0.0 |       0 |      10 |   0.0 |   158
               +---------+---------+-------+---------+---------+-------+---------
